 Dungeon Crawl Stone Soup version 0.28-a0-932-g843f935a50 (webtiles) character file.

Game seed: 4020788145073843059

1 bande the Skirmisher (level 1, -2/14 HPs)
             Began as a Gargoyle Fighter on Nov 28, 2021.
             Frozen to death by an endoplasm (5 damage)
             ... on level 1 of the Dungeon.
             The game lasted 00:00:10 (47 turns).

bande the Skirmisher (Gargoyle Fighter)               Turns: 47, Time: 00:00:11

Health: -2/14      AC:  9    Str: 19    XL:     1   Next: 20%
Magic:  1/1        EV:  9    Int:  8    God:
Gold:   10         SH:  4    Dex:  9    Spells: 0/0 levels left

rFire   . . .      SeeInvis .   a - +0 war axe
rCold   . . .      Faith    .   c - +0 buckler
rNeg    + . .      Spirit   .   b - +0 scale mail
rPois   ∞          Reflect  .   (no helmet)
rElec   +          Harm     .   (no cloak)
rCorr   .          Rampage  .   (no gloves)
Will    .....                   (no boots)
Stlth   ..........              (no amulet)
HPRegen 0.04/turn               (no ring)
MPRegen 0.07/turn               (no ring)

@: no status effects
A: sickness immunity, AC +2, negative energy resistance 1, electricity
resistance, torment resistance 1, petrification resistance
a: no special abilities


You were on level 1 of the Dungeon.
You visited 1 branch of the dungeon, and saw 1 of its levels.

You collected 10 gold pieces.

Inventory:

Hand Weapons
 a - a +0 war axe (weapon)
Armour
 b - a +0 scale mail (worn)
 c - a +0 buckler (worn)
Scrolls
 e - a scroll of fog {unknown}
Potions
 d - a potion of might


   Skills:
 + Level 3.3 Fighting
 + Level 1.7 Axes
 + Level 3.3 Armour
 + Level 3.3 Shields


You couldn't memorise any spells.
You didn't know any spells.
Your spell library contained the following spells:

 Spells                   Type           Power      Damage    Failure   Level
 Gell's Gravitas          Tloc           0%         N/A       99%         3
 Teleport Other           Tloc           0%         N/A       99%         3
 Dispersal                Tloc           0%         N/A       100%        6


Dungeon Overview and Level Annotations

Branches:
Dungeon (1/15)

Altars:


Innate Abilities, Weirdness & Mutations

You are immune to sickness and miasma.
Your stone body is resilient. (AC +2)
You are immune to poison.
You resist negative energy. (rN+)
You are resistant to electric shocks. (rElec)
You are resistant to unholy torment.
You are immune to petrification.


Message History

Welcome, bande the Gargoyle Fighter.
It is said that the Orb of Zot exists deep within this dungeon.
Press ? for a list of commands and other information.
Found five items.
Found a staircase leading out of the dungeon.
You pick up a There-And-Back Book and begin reading...
You add the spells Gell's Gravitas, Teleport Other and Dispersal to your library.
e - a scroll labelled TAIHUOTAFI You now have 10 gold pieces.
A hobgoblin comes into view.
The hobgoblin shouts!
An endoplasm comes into view.
A rat comes into view.
The hobgoblin barely misses you.
You hit the hobgoblin.
The hobgoblin is almost dead.
The hobgoblin hits you.
You barely miss the hobgoblin.
The hobgoblin is almost dead.
The hobgoblin hits you.
You closely miss the hobgoblin.
The hobgoblin is almost dead.
You hit the endoplasm. You block the hobgoblin's attack.
You block the endoplasm's attack. The hobgoblin hits you.
The endoplasm freezes you.
You are frozen.
* * * LOW HITPOINT WARNING * * *
The rat twitches its whiskers.
You closely miss the hobgoblin.
The hobgoblin is almost dead.
The hobgoblin closely misses you.
The hobgoblin hits you but does no damage.
You slash the hobgoblin!
You kill the hobgoblin!
You hit the endoplasm.
The endoplasm is heavily wounded.
The endoplasm freezes you.
You are frozen.
You die...

. .. ########... ..
#.......... ..
#.......# #.
#.......#.
#.######.........#
#.#.@Jr.........#≈#.
#.#.####.......#≈≈§#
#.#.####..#######≈###
#.....##..#≈≈#.......
###.#.##..#≈#........
#.#.##..##......(..
#.......#..........
###....##..........
##..#.#..........


You could see an endoplasm and a rat.

Vanquished Creatures
  A hobgoblin (D:1)
1 creature vanquished.

Notes
Turn   | Place    | Note
-------+----------+-------------------------------------------
     0 | D:1      | bande the Gargoyle Fighter began the quest for the Orb.
     0 | D:1      | Reached XP level 1. HP: 14/14 MP: 1/1
    47 | D:1      | Frozen to death by an endoplasm

Illustrated notes

Levels and vault maps discovered:
D:1:      psy_arrival_dodecagon, layout_loops_cross, minmay_tetromino_s2

Action                   || total
-------------------------++-------
Melee: War axe           ||     6
Armor: Scale mail        ||     1
Dodge: Dodged            ||     2
Block: Buckler           ||     2

Table legend: (Time is in decaauts)
 A = Elapsed time spent in this place.
 B = Non-inter-level travel time spent in this place.
 C = Inter-level travel time spent in this place.
 D = Time resting spent in this place.
 E = Time spent auto-exploring this place.
 F = Levels seen in this place.
 G = Mean time per level.
                   A        B        C        D        E       F      G
               +--------+--------+--------+--------+--------+-----+--------+
         Total |     49 |     49 |      0 |      0 |     30 |   1 |   49.0 |
       Dungeon |     49 |     49 |      0 |      0 |     30 |   1 |   49.0 |
               +--------+--------+--------+--------+--------+-----+--------+

Top non-repeatable levels by time:
     D:1: 49 daAuts
